[Event "45th FIDE Olympiad 2024"]
[Site "Budapest"]
[Date "2024.09.19"]
[Round "8.114"]
[White "Kjartansson, Gudmundur"]
[Black "Annaberdiyev, Meylis"]
[Result "0-1"]
[ECO "C65"]
[WhiteElo "2478"]
[BlackElo "2431"]
[Annotator "TA"]
[PlyCount "90"]
[EventDate "2024.09.05"]
[EventType "team-tourn"]
[EventCountry "HUN"]
[SourceTitle "playchess.com"]
[Source "ChessBase"]
[SourceQuality "1"]
[WhiteTeam "Iceland"]
[BlackTeam "Turkmenistan"]
[WhiteTeamCountry "ISL"]
[BlackTeamCountry "TKM"]
[TimeControl "40/5400+30:1800+30"]

1. e4 e5 2. Nf3 Nc6 3. Bb5 Bc5 4. c3 Nf6 5. d3 O-O 6. O-O d6 7. Nbd2 Bb6 8. a4 {Black must now prevent Bxc6.} Ne7 9. h3 c6 10. Bc4 {Black is slightly better.} Ng6 11. Bb3 Re8 12. Re1 h6 13. Nf1 d5 14. Ng3 Bc7 15. Bc2 Be6 16. d4 dxe4 17. Nxe5 Bxe5 (17... Nxe5 $15 18. dxe5 Nd7) 18. dxe5 $11 Qxd1 19. Bxd1 Nxe5 20. Nxe4 Nxe4 21. Rxe4 Bf5 22. Re2 Nc4 ({Better is} 22... Rad8 $15 23. Be3 Nc4) 23. b3 (23. f3 $11) 23... Bd3 $17 24. Rxe8+ Rxe8 25. Kh2 (25. Bf4 $2 Re1+ 26. Kh2 Nb2 $19) 25... Re1 $1 26. bxc4 Rxd1 {[%mdl 4096] Endgame. KRB-KRB. Black has more active pieces.} 27. a5 Bxc4 28. f3 Bd5 29. Kg3 g5 30. h4 f5 31. hxg5 hxg5 32. Bb2 f4+ 33. Kh3 Rd2 34. Ba3 Be6+ 35. Kh2 g4 36. fxg4 {[#]} Bd5 (36... Bxg4 37. Kg1 $15) (36... f3 $1 $17 37. Kg3 fxg2 (37... Rxg2+ 38. Kxf3 Rxg4 39. Bc5 $11)) 37. Bc5 a6 38. Kh3 Kf7 ({Reject} 38... Bxg2+ 39. Kh4 $11) (38... Rxg2 $15 39. Bd4 Rg3+ 40. Kh4 c5 41. Bxc5 Be6 (41... Rxc3 42. Bb6 $11)) 39. g3 (39. Ra4 $11 {remains equal.}) 39... f3 (39... Rd3 $17 40. Ra4 fxg3 (40... Rxc3 41. Rxf4+ Kg6 42. Be7 $11) (40... Rxg3+ 41. Kh4 $15) 41. Rf4+ Kg6) 40. Rh1 $2 {[%mdl 8192] This move loses the game for White.} (40. Ra4 $1 $15) 40... Bc4 $19 41. Rb1 f2 42. Rxb7+ {[#]} (42. Bxf2 $19 Rxf2 43. Rb4 Bf1+ 44. Kh4) 42... Kg6 43. Bxf2 Rxf2 44. g5 Kxg5 45. Rg7+ Kf5 {Weighted Error Value: White=0.61/Black=0.13 (very precise) .  Loses game:     	White=1     	---        Mistake:       	White=3     	Black=5      Inaccurate:     	White=3     	---        OK:         	White=13    	Black=14     Best:        	White=2     	Black=2      Strong:       	---       	Black=1} 0-1

[Event "45th FIDE Olympiad 2024"]
[Site "Budapest"]
[Date "2024.09.19"]
[Round "8.115"]
[White "Hommadov, Amanmuhammet"]
[Black "Stefansson, Hannes"]
[Result "0-1"]
[ECO "C78"]
[WhiteElo "2181"]
[BlackElo "2471"]
[Annotator "RC"]
[PlyCount "48"]
[EventDate "2024.09.05"]
[EventType "team-tourn"]
[EventCountry "HUN"]
[SourceTitle "playchess.com"]
[Source "ChessBase"]
[SourceQuality "1"]
[WhiteTeam "Turkmenistan"]
[BlackTeam "Iceland"]
[WhiteTeamCountry "TKM"]
[BlackTeamCountry "ISL"]
[TimeControl "40/5400+30:1800+30"]

1. e4 e5 2. Nf3 Nc6 3. Bb5 a6 4. Ba4 Nf6 5. O-O Bc5 6. Nxe5 Nxe5 7. d4 b5 8. Bb3 Bxd4 9. Qxd4 d6 10. c3 c5 11. Qd1 O-O 12. Re1 Bb7 13. Bc2 Re8 14. Bf4 d5 15. exd5 Qxd5 16. f3 Nxf3+ 17. gxf3 Rxe1+ 18. Qxe1 Qxf3 19. Qg3 Qh1+ 20. Kf2 Re8 21. Be3 h5 22. Bf5 Be4 23. Bh6 g6 24. Nd2 Qxa1 0-1

[Event "45th FIDE Olympiad 2024"]
[Site "Budapest"]
[Date "2024.09.19"]
[Round "8.116"]
[White "Heimisson, Hilmir Freyr"]
[Black "Shirliyev, Allayar"]
[Result "1/2-1/2"]
[ECO "C47"]
[WhiteElo "2391"]
[BlackElo "2200"]
[Annotator "TA"]
[PlyCount "131"]
[EventDate "2024.09.05"]
[EventType "team-tourn"]
[EventCountry "HUN"]
[SourceTitle "playchess.com"]
[Source "ChessBase"]
[SourceQuality "1"]
[WhiteTeam "Iceland"]
[BlackTeam "Turkmenistan"]
[WhiteTeamCountry "ISL"]
[BlackTeamCountry "TKM"]
[TimeControl "40/5400+30:1800+30"]

1. e4 e5 2. Nf3 Nc6 3. Nc3 Nf6 4. a3 d5 5. Bb5 d4 6. Ne2 Nxe4 7. d3 Nf6 8. Nxe5 {White is slightly better.} Qd5 9. Nxc6 bxc6 10. Bc4 Qa5+ (10... Qxg2 $11 11. Rg1 Qh3 (11... Qxh2 12. Bf4 $11)) 11. Bd2 $16 Qb6 12. Ng3 Bg4 {Dodges Qe2+} 13. f3 Be6 14. Qe2 Nd5 15. f4 O-O-O 16. f5 Bd7 17. O-O f6 18. Qf3 Be8 (18... Ne3 $16) 19. b4 $18 a6 20. Ne4 Qa7 (20... Kb8 $16 21. a4 h5) 21. Rfb1 Nb6 (21... h5 {was necessary.} 22. h4 Bd7) 22. Be6+ Bd7 23. Nc5 Bxc5 24. bxc5 Nd5 25. Bxd5 cxd5 26. Qxd5 {[%cal Oc5c6] aiming for c6!} Bb5 27. Qe6+ Bd7 28. Qe4 Rhe8 29. Qf3 {Black must now prevent c6.} (29. Qxd4 $2 Re2 30. Kf1 Rxg2 $19 (30... Rxd2 31. Qc3 $16)) 29... Re5 30. c6 Be8 {[#]} 31. Bf4 $1 Re7 {[#]} 32. Rb4 $2 ({White has to play} 32. Re1 $1 $18 Rxe1+ 33. Rxe1) 32... Qc5 $11 33. Rc4 Qxf5 34. Rb1 Qe6 ({Avoid the trap} 34... g5 $2 35. Rcb4 $18 (35. Rb8+ Kxb8 36. Bxc7+ Rxc7 $18) (35. Rb8+ Kxb8 36. Bxc7+ Rxc7 $18)) 35. h3 (35. Rc5 $14) 35... Rd5 36. Bg3 {And now Re1 would win.} Qe3+ 37. Kf1 Rb5 38. Re1 {Really sharp!} Qxf3+ 39. gxf3 Rxe1+ 40. Kxe1 $15 {[%mdl 4096] Endgame. KRB-KRB} Rb6 41. Rxd4 Rxc6 42. Kd2 Rc5 43. Re4 Kd8 44. c4 Bc6 45. Re3 {The position is equal.} Kd7 46. Kc3 Rf5 47. f4 g5 48. fxg5 fxg5 49. h4 g4 50. Kd4 Rf3 51. h5 Bb7 {[%cal Oc7c5] ...c5+! is the strong threat.} 52. Rxf3 Bxf3 $11 {KB-KB} 53. Kc5 Be2 54. d4 c6 55. h6 Bd3 56. a4 Be2 57. a5 Bf1 58. d5 cxd5 59. Kxd5 Bg2+ 60. Ke5 Kc6 61. Bf2 Bf1 62. Kd4 Be2 63. Bg3 Bf1 64. Bf2 Be2 65. Bg3 Bf1 66. Bf2 {Blacks defense is rewarded with a draw.   Weighted Error Value: White=0.13 (very precise) /Black=0.11 (very precise) .  Missed win:     	White=1     	---        Mistake:       	White=1     	Black=4      Inaccurate:     	White=3     	Black=2      OK:         	White=32    	Black=25     Best:        	White=3     	Black=4      Strong:       	White=1     	---} 1/2-1/2

[Event "45th FIDE Olympiad 2024"]
[Site "Budapest"]
[Date "2024.09.19"]
[Round "8.117"]
[White "Henriquez Villagra, Cristobal"]
[Black "Zambrana, Osvaldo"]
[Result "0-1"]
[ECO "B31"]
[WhiteElo "2604"]
[BlackElo "2405"]
[Annotator "TA"]
[PlyCount "88"]
[EventDate "2024.09.05"]
[EventType "team-tourn"]
[EventCountry "HUN"]
[SourceTitle "playchess.com"]
[Source "ChessBase"]
[SourceQuality "1"]
[WhiteTeam "Chile"]
[BlackTeam "Bolivia"]
[WhiteTeamCountry "CHI"]
[BlackTeamCountry "BOL"]
[TimeControl "40/5400+30:1800+30"]

1. e4 c5 2. Nf3 Nc6 3. Bb5 g6 4. Bxc6 dxc6 5. d3 Qc7 6. a4 e5 7. O-O Nf6 8. a5 {White has an edge.} h6 9. Qe1 Bg4 10. Nfd2 Nh5 11. Nc4 Be6 12. Qc3 f6 13. Be3 g5 14. Qa3 Qe7 15. Nbd2 Nf4 16. Kh1 h5 17. Nb3 Bxc4 18. dxc4 Ne6 19. Rad1 Rd8 20. Rxd8+ Kxd8 21. Nc1 g4 22. Nd3 Kc8 23. Qa4 a6 24. b4 {Black converts the advantage convincingly.} cxb4 $17 25. c5 Bh6 26. Qxb4 Bxe3 27. fxe3 h4 28. Kg1 {[#]} (28. Qe1 $17) 28... h3 $1 $19 {aiming for ...hxg2.} 29. g3 {[#]} Rd8 $1 30. Qb6 (30. Kh1 $142) 30... Ng5 31. Qa7 $2 (31. Rb1) 31... Nf3+ {Black is clearly winning.} 32. Kh1 Nd2 33. Ra1 Qh7 34. Ra4 {[#]} Rd4 $3 35. Qa8+ Kc7 36. Rxd4 exd4 {[%mdl 4096] Endgame. KQN-KQN} 37. Qe8 dxe3 {Active counter play!} ({Less strong is} 37... Nxe4 38. exd4 Nd2 39. Nf4 Qe4+ (39... Qxc2 40. Ne6#) 40. Qxe4 Nxe4 41. Kg1 $17) 38. Kg1 Qxe4 39. Qxe4 Nxe4 {KN-KN} 40. Kf1 f5 {Threatens to win with ...Kd7.} 41. Nf4 Kd7 42. Nh5 Ke6 43. Ke2 Ke5 44. Kxe3 {[#]} Nxg3 $1 {[%mdl 512] Weighted Error Value: White=0.63/Black=0.11 (very precise) .  Mistake:       	White=4     	---        Inaccurate:     	White=2     	---        OK:         	White=8     	Black=12     Best:        	---       	Black=5      Strong:       	---       	Black=2} 0-1

[Event "45th FIDE Olympiad 2024"]
[Site "Budapest"]
[Date "2024.09.19"]
[Round "8.118"]
[White "Gemy, Jose Daniel"]
[Black "Salinas Herrera, Pablo"]
[Result "0-1"]
[ECO "A13"]
[WhiteElo "2315"]
[BlackElo "2479"]
[Annotator "TA"]
[PlyCount "112"]
[EventDate "2024.09.05"]
[EventType "team-tourn"]
[EventCountry "HUN"]
[SourceTitle "playchess.com"]
[Source "ChessBase"]
[SourceQuality "1"]
[WhiteTeam "Bolivia"]
[BlackTeam "Chile"]
[WhiteTeamCountry "BOL"]
[BlackTeamCountry "CHI"]
[TimeControl "40/5400+30:1800+30"]

1. c4 e6 2. Nf3 d5 3. g3 dxc4 4. Qa4+ Nd7 5. Bg2 a6 6. Qxc4 b5 7. Qc2 Bb7 8. O-O c5 9. a4 Ngf6 10. Nc3 Qb6 11. d3 Be7 {A13: English Opening: 1...e6.} 12. Be3 O-O 13. h3 Rac8 14. Rfc1 b4 $146 ({Predecessor:} 14... Nd5 15. Bd2 N7f6 16. axb5 axb5 17. Qb3 Nxc3 18. bxc3 c4 19. dxc4 Rxc4 20. Rab1 Bc5 {½-½ Hillarp Persson,T (2543)-Haubro,M (2437) SWE-DEN Online m 2020 (4)}) 15. a5 Qd8 16. Nd1 Nd5 17. Bd2 Nc7 18. Ne3 Nb5 19. Qd1 Bf6 20. Nc4 Bd5 21. Be3 Qe7 22. Nfd2 Rfd8 23. Kh2 h5 24. Qh1 h4 25. Bxd5 hxg3+ 26. Kxg3 (26. fxg3 $2 exd5 27. Qxd5 Bxb2 28. Nxb2 Qxe3 $19) 26... exd5 27. Qxd5 Nd4 28. Kg2 Nf8 (28... Nxe2 $17 29. Re1 Ne5) 29. Qh5 g6 30. Qg4 Rc6 31. Kf1 Bg7 32. Bg5 f6 (32... Bf6 $11 {keeps the balance.} 33. h4 (33. Ne4 Bxg5 34. Nxg5 Nh7 $17) 33... Nh7) 33. Be3 $1 $16 Re6 34. Bxd4 (34. Qg2 $16) 34... Rxd4 $11 35. Qf3 Nh7 (35... Bh6 $14) 36. Nb3 $16 Ng5 (36... Rh4 $16) 37. Nxd4 $4 (37. Qg3 $18 {is the narrow road to win.} Rd8 38. Ne3) 37... Nxf3 $19 38. Nxe6 Qxe6 (38... Bh6 $19 {and Black stays clearly on top. Strongly threatening ...Nh4.} 39. exf3 Bxc1 (39... Qxe6 40. Rd1 $17) 40. Rxc1 Qxe6) 39. exf3 $17 Qxh3+ 40. Ke2 Qe6+ $1 41. Kf1 $1 Qd5 (41... Bh6 $17 42. Rd1 Qf5) 42. Ke2 f5 43. Rg1 Kf7 44. Rab1 Qe6+ 45. Kf1 Qd7 46. Ke2 Bd4 47. f4 $2 {[%mdl 8192] [#]} (47. Rh1 $11 {and White is okay.} Qe8+ 48. Kd2) 47... Qe7+ $1 $19 48. Kf3 Qh4 49. Rg3 {[#]} g5 $1 50. fxg5 $2 (50. Kg2 Qxf4 51. Rf1) 50... f4 $19 51. g6+ Kg8 52. Rg4 Qxf2+ 53. Ke4 Qe2+ 54. Kxf4 Qxd3 55. Re1 Qxc4 56. b3 Qb5 0-1

[Event "45th FIDE Olympiad 2024"]
[Site "Budapest"]
[Date "2024.09.19"]
[Round "8.119"]
[White "Lopez Silva, Hugo"]
[Black "Pinto, Daniel"]
[Result "1/2-1/2"]
[ECO "C54"]
[WhiteElo "2379"]
[BlackElo "2273"]
[Annotator "TA"]
[PlyCount "105"]
[EventDate "2024.09.05"]
[EventType "team-tourn"]
[EventCountry "HUN"]
[SourceTitle "playchess.com"]
[Source "ChessBase"]
[SourceQuality "1"]
[WhiteTeam "Chile"]
[BlackTeam "Bolivia"]
[WhiteTeamCountry "CHI"]
[BlackTeamCountry "BOL"]
[TimeControl "40/5400+30:1800+30"]

1. e4 e5 2. Nf3 Nc6 3. Bc4 Bc5 4. c3 Nf6 5. d3 d6 6. O-O a6 7. Nbd2 Ba7 8. Bb3 O-O 9. h3 Ne7 10. Re1 Ng6 11. Nf1 Be6 12. Ng3 h6 13. Bc2 c6 14. d4 {White has an edge.} Qd7 15. Be3 Rfe8 16. Qd2 Kh7 17. Rad1 b5 18. Qc1 {dxe5 is the strong threat.} Qc7 19. a4 Rad8 20. Nf5 {[%cal Re3h6,Bg3f5,Bf5e3,Be3d5][%mdl 32] Threatens to win with Bxh6!} Ng8 21. b4 f6 22. d5 {White is more active.} (22. Qa3 $16) 22... Bxe3 $11 23. Nxe3 Bd7 24. dxc6 Qxc6 25. axb5 axb5 26. Nd5 Be6 27. Nh2 Rf8 28. Qd2 N8e7 29. Ng4 Bxd5 30. exd5 Qd7 31. Ra1 f5 32. Nh2 (32. Ne3 $11 {keeps the balance.}) 32... Nf4 33. Bb3 Ra8 34. Nf1 Ra7 (34... Rxa1 $17 35. Rxa1 Neg6) 35. Ne3 Rfa8 36. Rab1 (36. Rxa7 $11 Qxa7 37. Rd1) 36... g6 (36... Neg6 $15 {should be considered.} 37. Kh1 e4) 37. Kh2 Kg7 38. c4 bxc4 39. Nxc4 Nfxd5 {Excellent horsemanship.} (39... Nexd5 $2 {too greedy.} 40. g3 $18) 40. Rbd1 Rb8 {[#]} (40... Qc7 $15) 41. Nxe5 $1 dxe5 {The position is equal.} 42. Bxd5 Qxd5 43. Qxd5 Nxd5 44. Rxd5 $14 {[%mdl 4096] Endgame. KRR-KRR} e4 45. g4 Ra2 46. gxf5 Rxf2+ 47. Kg3 Rf3+ 48. Kg4 h5+ 49. Kg5 {Black must now prevent Rd7+.} gxf5 (49... Rxb4 $2 {perishes.} 50. Rd7+ (50. fxg6 Rg3+ 51. Kxh5 Rxh3+ 52. Kg4 Rbb3 $11) 50... Kg8 51. fxg6 $18 (51. Kxg6 Rg3+ 52. Kxh5 e3 $11)) 50. Rxf5 Rxb4 51. Rxe4 {Intending Re7+ and mate.} Rg3+ 52. Kf4 Rxe4+ 53. Kxg3 {Weighted Error Value: White=0.18 (very precise) /Black=0.14 (very precise) .  Mistake:       	White=4     	Black=3      Inaccurate:     	White=5     	Black=5      OK:         	White=15    	Black=9      Best:        	White=1     	Black=2} 1/2-1/2

[Event "45th FIDE Olympiad 2024"]
[Site "Budapest"]
[Date "2024.09.19"]
[Round "8.120"]
[White "Montevilla Cahuasa, Jonathan I."]
[Black "Marrujo Pardo, Mauricio Emmanuel"]
[Result "0-1"]
[ECO "B61"]
[WhiteElo "2064"]
[BlackElo "2332"]
[Annotator "RC"]
[PlyCount "94"]
[EventDate "2024.09.05"]
[EventType "team-tourn"]
[EventCountry "HUN"]
[SourceTitle "playchess.com"]
[Source "ChessBase"]
[SourceQuality "1"]
[WhiteTeam "Bolivia"]
[BlackTeam "Chile"]
[WhiteTeamCountry "BOL"]
[BlackTeamCountry "CHI"]
[TimeControl "40/5400+30:1800+30"]

1. e4 c5 2. Nf3 d6 3. d4 cxd4 4. Nxd4 Nf6 5. Nc3 Nc6 6. Bg5 Bd7 7. Qd2 Rc8 8. f3 h6 9. Nxc6 bxc6 10. Be3 Qa5 11. Bc4 d5 12. Bb3 e6 13. e5 Ng8 14. Ne2 Qc7 15. f4 c5 16. c3 Ne7 17. Bf2 h5 18. O-O Nf5 19. Ng3 Nxg3 20. Bxg3 h4 21. Bf2 g6 22. Bd1 Be7 23. Bf3 a5 24. Be3 Bc6 25. Rae1 Rd8 26. Qc2 Qb6 27. Rf2 O-O 28. f5 exf5 29. Bh6 Rfe8 30. e6 Bf6 31. Bh5 Rxe6 32. Rxe6 fxe6 33. Bxg6 Be8 34. Bxf5 exf5 35. Qxf5 Be7 36. Qe5 Qxh6 37. Qxe7 Rb8 38. Qe5 Rd8 39. Qe7 Ra8 40. Qxc5 Bf7 41. Rxf7 Kxf7 42. Qxd5+ Qe6 43. Qf3+ Kg7 44. Qb7+ Kh6 45. h3 Rf8 46. Qc7 Qe3+ 47. Kh2 Qf4+ 0-1

[Event "45th FIDE Olympiad 2024"]
[Site "Budapest"]
[Date "2024.09.19"]
[Round "8.121"]
[White "Salem, A.R. Saleh"]
[Black "Amin, Bassem"]
[Result "1-0"]
[ECO "A65"]
[WhiteElo "2631"]
[BlackElo "2636"]
[Annotator "TA"]
[PlyCount "81"]
[EventDate "2024.09.05"]
[EventType "team-tourn"]
[EventCountry "HUN"]
[SourceTitle "playchess.com"]
[Source "ChessBase"]
[SourceQuality "1"]
[WhiteTeam "United Arab Emirates"]
[BlackTeam "Egypt"]
[WhiteTeamCountry "UAE"]
[BlackTeamCountry "EGY"]
[TimeControl "40/5400+30:1800+30"]

1. d4 Nf6 2. c4 g6 3. Nc3 Bg7 4. e4 d6 5. f3 O-O 6. Be3 c5 7. Nge2 Nc6 8. d5 Ne5 9. Ng3 e6 10. Be2 exd5 11. cxd5 b5 12. Nxb5 Rb8 $1 {[%cal Ob8b5,Ba8b8,Bb8b2,Bb2b4][%mdl 32] [#] Strongly threatening ...Rxb5!} 13. O-O (13. Nxa7 $2 Qa5+ (13... Rxb2 14. O-O $11) 14. b4 Qxa7 $19) 13... a6 {White is slightly better.} 14. Nc3 {aiming for Rb1.} Rxb2 15. Qc1 Rb4 16. Bh6 Bxh6 17. Qxh6 Re8 18. h3 Kh8 19. Qc1 c4 20. Kh2 a5 21. Nd1 $40 {[%cal Bc3d1,Bd1e3,Be3c4,Bc4e5][%mdl 160] White attacks.} h5 22. Qc3 (22. a3 $14 {feels stronger.} Rb3 23. Bxc4 Nxc4 24. Qxc4) 22... Kg8 23. Ne3 $1 Qb6 (23... Ba6 $11 {keeps the balance.}) 24. Nxc4 $16 {Black is on the road to losing.} Qc5 {[#]} (24... Nxc4 $16 25. Qxf6 (25. Bxc4 Kg7 $16) 25... Ne5) 25. Rfc1 $1 $18 h4 26. Nf1 Ba6 27. Nxe5 Qxc3 28. Rxc3 Bxe2 29. Nc6 Bxf1 30. Nxb4 ({Resist} 30. Rxf1 $6 Rb2 $16) 30... axb4 31. Rc6 Be2 (31... Bb5 {was necessary.} 32. Rb6 (32. Rxd6 Nd7 $11) 32... Ba4 33. Rxd6 (33. Rxb4 Ra8 $16) 33... Nd7) 32. Rxd6 Nh5 33. Rb6 {Prevents Rb8} Rc8 34. d6 Kg7 (34... Nf6 {keeps fighting.} 35. Rxb4 Kf8) 35. Rxb4 Nf4 36. Rab1 {Rb8 would now be deadly.} Rc2 $2 (36... Rd8 37. e5 Ne6) 37. R1b2 {White is clearly winning.} Rc1 38. e5 Bc4 39. d7 Ne6 40. Rd2 g5 41. Rb6 {Weighted Error Value: White=0.09 (flawless) /Black=0.31.  Mistake:       	White=1     	Black=5      Inaccurate:     	White=1     	Black=3      OK:         	White=11    	Black=7      Best:        	White=2     	Black=2      Strong:       	White=2     	Black=1} 1-0

[Event "45th FIDE Olympiad 2024"]
[Site "Budapest"]
[Date "2024.09.19"]
[Round "8.122"]
[White "Fawzy, Adham"]
[Black "Al Hosani, Omran"]
[Result "1/2-1/2"]
[ECO "B45"]
[WhiteElo "2507"]
[BlackElo "2241"]
[Annotator "TA"]
[PlyCount "125"]
[EventDate "2024.09.05"]
[EventType "team-tourn"]
[EventCountry "HUN"]
[SourceTitle "playchess.com"]
[Source "ChessBase"]
[SourceQuality "1"]
[WhiteTeam "Egypt"]
[BlackTeam "United Arab Emirates"]
[WhiteTeamCountry "EGY"]
[BlackTeamCountry "UAE"]
[TimeControl "40/5400+30:1800+30"]

1. e4 c5 2. Nf3 e6 3. d4 cxd4 4. Nxd4 Nf6 5. Nc3 Nc6 6. Nxc6 bxc6 7. e5 Nd5 8. Ne4 Qc7 9. f4 Qb6 10. c4 Bb4+ 11. Ke2 f5 12. Nf2 Ba6 13. Kf3 Ne7 14. Be3 Bc5 $1 15. Bxc5 Qxc5 16. Qd6 Qa5 17. h4 (17. Be2 {is more complex.} g5 18. Rhd1 g4+ 19. Ke3) 17... Rd8 18. a3 c5 19. Nd3 Bxc4 {[#] White must now prevent ...Qd2.} 20. Qxc5 (20. Nxc5 {feels hotter.} Bd5+ 21. Ke3 Kf7 22. b4) 20... Qa6 21. Nb4 (21. Qe3 {simplifies} Bxd3 22. Bxd3 Qa4 23. Qc5) 21... Qb7+ 22. Kg3 $1 Rc8 23. Qd4 Bxf1 24. Rhxf1 a5 25. Nd3 Qe4 26. Qxe4 fxe4 27. Nf2 Nf5+ 28. Kh3 e3 29. Ne4 h5 ({Black should play} 29... e2 $15 30. Rf2 Rc2) 30. Ng3 Nxg3 31. Kxg3 $15 {[%mdl 4096] Endgame. KRR-KRR. The position is equal.} Ke7 32. Rfe1 Rc2 33. Rab1 Rb8 34. Rxe3 Rbxb2 35. Rxb2 Rxb2 $11 {KR-KR} 36. Rd3 g6 37. Kf3 Ke8 38. g3 Ke7 39. Ke4 Rb1 40. Rc3 d5+ 41. exd6+ Kxd6 42. Kd4 Rb5 43. Re3 Rd5+ 44. Kc4 Rc5+ 45. Kb3 Rb5+ 46. Kc4 Rc5+ 47. Kd4 {[%cal Oe3e6] [#] Rxe6+! is the strong threat.} Rd5+ 48. Ke4 Rb5 49. Rd3+ Ke7 50. Kd4 Kf6 51. Kc4 Rb8 52. Re3 a4 53. Kd4 Rb7 54. Ke4 Rb8 55. Rd3 Rb5 56. Rc3 Rb8 57. Rc4 Rb3 58. Rxa4 Rxg3 59. Ra8 Rh3 60. Rf8+ Kg7 61. Re8 Rxa3 62. Rxe6 Ra4+ 63. Kf3 {Weighted Error Value: White=0.06 (flawless) /Black=0.03 (flawless) .  Mistake:       	---       	Black=1      Inaccurate:     	White=3     	Black=1      OK:         	White=21    	Black=25     Best:        	White=2     	---        Strong:       	White=1     	---} 1/2-1/2

[Event "45th FIDE Olympiad 2024"]
[Site "Budapest"]
[Date "2024.09.19"]
[Round "8.123"]
[White "Ammar, Sedrani"]
[Black "Wafa, Hamed"]
[Result "1-0"]
[ECO "E19"]
[WhiteElo "2226"]
[BlackElo "2368"]
[Annotator "RC"]
[PlyCount "159"]
[EventDate "2024.09.05"]
[EventType "team-tourn"]
[EventCountry "HUN"]
[SourceTitle "playchess.com"]
[Source "ChessBase"]
[SourceQuality "1"]
[WhiteTeam "United Arab Emirates"]
[BlackTeam "Egypt"]
[WhiteTeamCountry "UAE"]
[BlackTeamCountry "EGY"]
[TimeControl "40/5400+30:1800+30"]

1. d4 Nf6 2. c4 e6 3. Nf3 b6 4. g3 Bb7 5. Bg2 Be7 6. O-O O-O 7. Nc3 Ne4 8. Qc2 Nxc3 9. Qxc3 Be4 10. b3 f5 11. Bb2 Bf6 12. Rac1 d6 13. Ne1 Bxg2 14. Nxg2 Nd7 15. Qc2 Qe8 16. Rcd1 Qf7 17. f4 Qg6 18. Rfe1 h5 19. e4 h4 20. Re3 h3 21. Ne1 Bd8 22. Nf3 Nf6 23. exf5 exf5 24. d5 Ne4 25. Nd2 Nf6 26. Bxf6 Bxf6 27. Nf3 Rae8 28. Rde1 Rxe3 29. Rxe3 Re8 30. Qe2 Re4 31. Kf1 Qe8 32. Rxe4 fxe4 33. Qe3 c6 34. dxc6 Qxc6 35. Nd2 d5 36. Ke2 dxc4 37. bxc4 Qa4 38. Qb3 Qe8 39. Qb5 Qe7 40. Qd5+ Kf8 41. Nxe4 Qe8 42. Kf3 Qa4 43. Kg4 Qxa2 44. Kxh3 Be7 45. Qf5+ Kg8 46. Qe6+ Kf8 47. g4 Qa3+ 48. Ng3 Qd6 49. Qe4 a5 50. Nf5 Qa3+ 51. Ng3 a4 52. g5 Qd6 53. g6 Bd8 54. f5 a3 55. Qa8 Qe7 56. Qa4 Qd6 57. Qa8 Qe7 58. Qd5 Ke8 59. Qc6+ Kf8 60. Qa8 Ke8 61. Kg2 Kd7 62. Qd5+ Qd6 63. Qf7+ Qe7 64. Qd5+ Qd6 65. Qf7+ Be7 66. Kh3 a2 67. c5 Qd2 68. Qe6+ Kd8 69. Qxb6+ Ke8 70. Qb8+ Bd8 71. Qe5+ Be7 72. c6 Qh6+ 73. Kg4 Qg5+ 74. Kf3 Qf6 75. Qb5 Qc3+ 76. Kg2 Qc2+ 77. Kh3 Bd6 78. Qb7 Bc7 79. Qc8+ Bd8 80. Qd7+ 1-0

[Event "45th FIDE Olympiad 2024"]
[Site "Budapest"]
[Date "2024.09.19"]
[Round "8.124"]
[White "Sadek, Sameh"]
[Black "Sultan, Ibrahim"]
[Result "1/2-1/2"]
[ECO "A30"]
[WhiteElo "2269"]
[BlackElo "2206"]
[Annotator "RC"]
[PlyCount "158"]
[EventDate "2024.09.05"]
[EventType "team-tourn"]
[EventCountry "HUN"]
[SourceTitle "playchess.com"]
[Source "ChessBase"]
[SourceQuality "1"]
[WhiteTeam "Egypt"]
[BlackTeam "United Arab Emirates"]
[WhiteTeamCountry "EGY"]
[BlackTeamCountry "UAE"]
[TimeControl "40/5400+30:1800+30"]

1. Nf3 Nf6 2. b3 c5 3. Bb2 Nc6 4. c4 g6 5. Bxf6 exf6 6. Nc3 Bg7 7. g3 O-O 8. Bg2 Ne7 9. O-O d5 10. cxd5 Nxd5 11. Na4 b6 12. Rc1 Re8 13. d4 Ba6 14. Re1 Bh6 15. e3 Nb4 16. dxc5 Nd3 17. Nd4 Nxc1 18. Qxc1 Rc8 19. c6 Qxd4 20. exd4 Bxc1 21. Rxc1 Kf8 22. Nc3 f5 23. d5 Ke7 24. b4 Bc4 25. Nd1 Kd6 26. Ne3 b5 27. a4 a6 28. h4 Bb3 29. axb5 axb5 30. Rc5 Re5 31. Bf1 Rxe3 32. fxe3 Bxd5 33. Bxb5 Bxc6 34. Kf2 Rc7 35. Ba6 Ra7 36. Ra5 Kc7 37. Bc4 Rb7 38. Bxf7 Rxb4 39. Ra2 Kd6 40. Rd2+ Ke5 41. Ba2 Rb8 42. Bc4 Be4 43. Be2 Rb1 44. Bf3 Rc1 45. Bxe4 fxe4 46. Rd7 Rc2+ 47. Kf1 h6 48. Rh7 h5 49. Rf7 Rc6 50. Kg2 Ke6 51. Rf4 Rc2+ 52. Kf1 Kd5 53. g4 Rh2 54. gxh5 gxh5 55. Ke1 Ke5 56. Kf1 Ra2 57. Rf8 Ra6 58. Ke2 Ra2+ 59. Ke1 Kd5 60. Rd8+ Ke6 61. Rh8 Kd5 62. Rd8+ Ke6 63. Rh8 Kf5 64. Rg8 Rh2 65. Rg5+ Kf6 66. Rxh5 Ke6 67. Rh8 Kf7 68. Kf1 Kg7 69. Rh5 Kf6 70. Ra5 Rxh4 71. Kg2 Rg4+ 72. Kf2 Rg8 73. Rb5 Ke6 74. Rh5 Rf8+ 75. Ke2 Rd8 76. Ke1 Rd5 77. Rxd5 Kxd5 78. Kd2 Kc4 79. Kc2 Kb4 1/2-1/2